 Dungeon Crawl Stone Soup version 0.20-a0-971-g5896763 (webtiles) character file.

788 Hybris the Skirmisher (level 7, -3/76 HPs)
             Began as an Ogre Gladiator on Apr 8, 2017.
             Was a Believer of Okawaru.
             Slain by Pikel
             ... wielding a +2 whip of electrocution
              (6 damage)
             ... on level 5 of the Dungeon.
             The game lasted 00:07:23 (4142 turns).

Hybris the Skirmisher (Ogre Gladiator)              Turns: 4142, Time: 00:07:23

Health: -3/76      AC: 11    Str: 21    XL:     7   Next: 87%
Magic:  7/7        EV: 10    Int:  9    God:    Okawaru [**....]
Gold:   215        SH:  0    Dex: 10    Spells: 6/6 levels left

rFire    . . .     SeeInvis .   A - +2 mace (protect)
rCold    . . .     Gourm    .   (no shield)
rNeg     . . .     Faith    .   b - +0 robe
rPois    .         Spirit   .   c - +1 hat
rElec    .         Reflect  .   (no cloak)
rCorr    .         Harm     .   (gloves unavailable)
MR       .....                  (boots unavailable)
Stlth    +.........             (no amulet)
Regen    0.3/turn               (no ring)
MPRegen  0.1/turn               (no ring)

@: protection aura
A: unfitting armour, tough skin 1
a: Heroism, Renounce Religion


You were on level 5 of the Dungeon.
You worshipped Okawaru.
Okawaru was pleased with you.
You were not hungry.

You visited 1 branch of the dungeon, and saw 6 of its levels.

You collected 215 gold pieces.

Inventory:

Hand Weapons
 a - a +1 trident
 A - a +2 mace of protection (weapon)
Missiles
 d - 3 throwing nets (quivered)
 t - 6 large rocks
 C - 3 tomahawks
Armour
 b - a +0 robe (worn)
 c - a +1 hat (worn)
Scrolls
 e - 4 scrolls of recharging
 h - a scroll of blinking {unknown}
 k - a scroll of magic mapping
 m - a scroll of enchant weapon
 p - 2 scrolls of enchant armour
 s - 3 scrolls of remove curse
 w - a scroll of amnesia {unknown}
 x - a scroll of identify {unknown}
 y - a scroll of teleportation {unknown}
Potions
 i - a potion of flight {unknown}
 j - a potion of curing
 l - a potion of berserk rage {unknown}
 o - 2 potions of degeneration {unknown}
 q - 2 potions of mutation {unknown}
 r - a potion of brilliance {unknown}
 v - 2 potions of heal wounds {unknown}
 z - 2 potions of magic {unknown}
 B - a potion of resistance
Books
 u - a book of Cantrips

   Spells                             Type                      Level
   a - Confusing Touch                Hexes                        1
   b - Animate Skeleton               Necromancy                   1
   c - Summon Small Mammal            Summoning                    1
   d - Apportation                    Translocation                1
Comestibles
 f - 3 bread rations
 g - 2 meat rations
 n - 4 royal jellies


   Skills:
 + Level 6.3 Fighting
 * Level 2.4 Maces & Flails
 - Level 5.8 Polearms
 + Level 4.6 Throwing
 - Level 2.6 Dodging


You had 6 spell levels left.
You didn't know any spells.

Dungeon Overview and Level Annotations

Branches:
Dungeon (6/15)
 Temple: D:4-7

Altars:
Kikubaaqudgha
Okawaru

Annotations:
D:5 Pikel


Innate Abilities, Weirdness & Mutations

You are too large for most types of armour.
You have tough skin. (AC +1)


Message History

* * * LOW HITPOINT WARNING * * *
Pikel hits you with a whip of electrocution.
* * * LOW HITPOINT WARNING * * *
You completely miss Pikel.
Pikel is lightly wounded.
Pikel hits you but does no damage.
You hit Pikel but do no damage.
Pikel is lightly wounded.
Pikel hits you with a whip of electrocution.
* * * LOW HITPOINT WARNING * * *
A slave comes into view.
The slave shouts!
You hit Pikel but do no damage.
Pikel is lightly wounded.
You hear a shout!
Pikel hits you but does no damage.
You are electrocuted!
* * * LOW HITPOINT WARNING * * *
The slave moves out of view.
Pikel hits you with a whip of electrocution.
You die...

###.))####.#########.......
#.).# #>................
#...## #.#########.......
##...<# #.# #.......
###.....# #.# ## #######.
#...#+#.# #.###< ##
#.#.#...# #..p.# #
#.############.# #
#..........@Kpp#
#..###########.# #.......##
### ##.......# ##......#
###....# ######


You could see Pikel and 2 slaves.

Vanquished Creatures
  Grinder (D:3)
  Sigmund (D:6)
  A sky beast (D:6)
  The ghost of feelmyfire the Sneak, an amateur VSEn (D:3)
  A crimson imp (D:3)
  An orc priest (D:2)
  An orc wizard (D:3)
  An iguana (D:6)
  Terence (D:3)
  A worker ant zombie (D:5)
  Robin (D:3)
  An adder (D:2)
  A shadow imp (D:3)
  An ooze (D:2)
  4 dart slugs
  3 worms
  4 leopard geckos
  7 orcs
  4 bats
  A giant cockroach (D:1)
  9 goblins
  12 hobgoblins
  2 jackals (D:1)
  4 quokkas
  5 frilled lizards
  3 kobolds (D:3)
  6 rats
78 creatures vanquished.

Notes
Turn   | Place    | Note
-------+----------+-------------------------------------------
     0 | D:1      | Hybris the Ogre Gladiator began the quest for the Orb.
     0 | D:1      | Reached XP level 1. HP: 22/22 MP: 1/1
    62 | D:1      | Reached skill level 3 in Fighting
    62 | D:1      | Reached XP level 2. HP: 21/31 MP: 2/2
   841 | D:2      | Reached XP level 3. HP: 37/37 MP: 3/3
   961 | D:2      | Found an iron altar of Okawaru.
  1171 | D:2      | Became a worshipper of Warmaster Okawaru
  1644 | D:2      | Reached XP level 4. HP: 8/48 MP: 4/4
  2134 | D:2      | Reached skill level 4 in Fighting
  2281 | D:3      | Reached XP level 5. HP: 29/54 MP: 5/5
  2499 | D:3      | Noticed Robin
  2536 | D:3      | Killed Robin
  2986 | D:3      | Noticed feelmyfire's ghost (amateur VSEn)
  2991 | D:3      | Killed feelmyfire's ghost
  2991 | D:3      | Reached * piety under Okawaru
  2991 | D:3      | Reached skill level 5 in Polearms
  2991 | D:3      | Reached XP level 6. HP: 64/65 MP: 6/6
  3144 | D:3      | Found an ancient bone altar of Kikubaaqudgha.
  3300 | D:3      | Noticed Terence
  3301 | D:3      | Noticed Grinder
  3318 | D:3      | Killed Terence
  3318 | D:3      | Reached skill level 5 in Fighting
  3320 | D:3      | Paralysed by Grinder for 5 turns
  3327 | D:3      | Paralysed by Grinder for 2 turns
  3342 | D:3      | Killed Grinder
  3342 | D:3      | Reached ** piety under Okawaru
  3342 | D:3      | Reached XP level 7. HP: 31/72 MP: 7/7
  3552 | D:4      | You fall through a shaft for 2 floors!
  3552 | D:6      | Noticed Sigmund
  3615 | D:6      | Killed Sigmund
  3615 | D:6      | Reached skill level 1 in Maces & Flails
  3853 | D:6      | Reached skill level 6 in Fighting
  3953 | D:5      | Entered Level 5 of the Dungeon
  4130 | D:5      | Noticed Pikel
  4142 | D:5      | HP: 3/76 [Pikel/whip of electrocution (17)]
  4142 | D:5      | Slain by Pikel

Vault maps used:
D:1:      minmay_arrival_plants_in_alcoves, hangedman_abyss_or_decor_stabs,
          minmay_tetromino_l4
D:2:      old_standard_altar, first_bread
D:3:      nicolae_overflow_crystal_walls, uniq_grinder, uniq_robin, uniq_terence
D:5:      overflow_temple_1_default, lemuel_coloured_pillars_altar,
          minmay_temple_entry_enclosed_plants, uniq_pikel, uniq_eustachio
D:6:      uniq_sigmund

Skill      XL: |  1  2  3  4  5  6  7 |
---------------+----------------------+-----
Fighting       | 3 4 5 6 |  6.3
Polearms       | 4 5 |  5.8
Throwing       | 3 4 |  4.6
Maces & Flails | 2 |  2.4
Dodging        | |  2.6

Action                   |  1- 3 |  4- 6 |  7- 9 || total
-------------------------+-------+-------+-------++-------
Melee: Trident           |   125 |   204 |       ||   329
       Mace              |       |       |    74 ||    74
Invok: Heroism           |       |       |     1 ||     1
  Use: Potion            |     1 |     1 |     1 ||     3
       Scroll            |       |     5 |       ||     5
 Stab: Sleeping          |     2 |       |       ||     2
  Eat: Chunk             |     2 |     6 |     3 ||    11
Armor: Robe              |    30 |    24 |    34 ||    88
       Skin              |       |    22 |    11 ||    33
Dodge: Dodged            |    51 |    72 |    35 ||   158
